 Dungeon Crawl Stone Soup version 0.21.1-1-g345015f (webtiles) character file.

949 shakethe the Blocker (level 8, -2/58 HPs)
             Began as a Formicid Fighter on Feb 7, 2018.
             Slain by a crocodile (12 damage)
             ... on level 6 of the Dungeon.
             The game lasted 00:08:54 (3849 turns).

shakethe the Blocker (Formicid Fighter)             Turns: 3849, Time: 00:08:55

Health: -2/58      AC: 12    Str: 20    XL:     8   Next: 35%
Magic:  8/8        EV:  5    Int: 15    God:
Gold:   169        SH: 13    Dex: 12    Spells: 7/7 levels left

rFire    + . .     SeeInvis +   a - +1 war axe
rCold    + . .     Gourm    .   g - +2 shield
rNeg     . . .     Faith    .   k - +0 plate armour
rPois    .         Spirit   .   (helmet unavailable)
rElec    .         Reflect  .   p - +0 cloak
rCorr    .         Harm     .   (no gloves)
MR       .....                  (no boots)
Stlth    ..........             (no amulet)
HPRegen  0.19/turn              o - ring of see invisible
MPRegen  0.11/turn              q - ring "Zusif Geic" {rF+ rC+ Int+6}

@: no status effects
A: permanent stasis, dig shafts and tunnels, four strong arms, antennae 3
a: Dig, Shaft Self


You were on level 6 of the Dungeon.
You were not hungry.

You visited 2 branches of the dungeon, and saw 7 of its levels.

You collected 169 gold pieces.

Inventory:

Hand Weapons
 a - a +1 war axe (weapon)
 n - the +1 rapier "Loenuza" {venom, MR+ SInv}
   (You found it on level 4 of the Dungeon)

   It poisons the flesh of those it strikes.
   It affects your resistance to hostile enchantments.
   It lets you see invisible.
Armour
 b - a +0 scale mail
 c - a +0 shield
 g - a +2 shield (worn)
 k - a +0 plate armour (worn)
 p - a +0 cloak (worn)
Jewellery
 o - a ring of see invisible (left hand)
 q - the ring "Zusif Geic" (right hand) {rF+ rC+ Int+6}
   (You found it on level 4 of the Dungeon)

   [ring of protection from cold]

   It affects your intelligence (+6).
   It protects you from fire.
   It protects you from cold.
Scrolls
 e - 5 scrolls of remove curse
 h - 12 scrolls of identify
 r - a scroll of amnesia {unknown}
 u - a scroll of enchant armour {unknown}
 w - a scroll of random uselessness {unknown}
Potions
 d - 2 potions of might
 i - 2 potions of ambrosia {unknown}
 j - 3 potions of curing
 l - a potion of heal wounds {unknown}
 m - a potion of berserk rage {unknown}
 s - 2 potions of brilliance {unknown}
 t - a potion of haste {unknown}
 v - a potion of lignification {unknown}
 x - a potion of flight {unknown}
Comestibles
 f - 9 rations


   Skills:
 - Level 3.3 Fighting
 + Level 6.6 Axes
 - Level 3.3 Armour
 + Level 8.5 Shields


You had 7 spell levels left.
You didn't know any spells.

Dungeon Overview and Level Annotations

Branches:
Dungeon (6/15)             Temple (1/1) D:5

Altars:
Ashenzari
Cheibriados
Makhleb
Nemelex Xobeh
Okawaru
Vehumet
Xom
Yredelemnul
The Shining One
Jiyva


Innate Abilities, Weirdness & Mutations

You cannot be hasted, slowed, berserked, paralysed or teleported.
You can dig through walls and to a lower floor.
Your four strong arms can wield two-handed weapons with a shield.
You have a pair of large antennae on your head. (SInv)


Message History

The orc warrior hits you with a long sword.
* * * LOW HITPOINT WARNING * * *
Your plate armour prevents you from hitting the orc warrior.
The orc warrior is almost dead.
You block the orc warrior's attack.
You hit the orc warrior.
You kill the orc warrior!
You hit the orc.
The orc is severely wounded.
You block the orc's attack.
You slash the orc!
You kill the orc!
You barely miss the crocodile. You block the crocodile's attack.
Your plate armour prevents you from hitting the crocodile.
You block the crocodile's attack.
Your plate armour prevents you from hitting the crocodile.
The crocodile bites you!
* * * LOW HITPOINT WARNING * * *
The crocodile bites you!
You die...

### #
.....#####..#
.....ot@/..#
.....#######
##.


You could see a crocodile and an orc.

Vanquished Creatures
  Sigmund (D:3)
  An orc warrior (D:6)
  A centaur (D:5)
  Blork the orc (D:5)
  A howler monkey (D:5)
  2 crimson imps (D:5)
  2 hounds (D:5)
  An iguana (D:5)
  An orc wizard (D:3)
  4 worker ants
  A hound zombie (D:5)
  A worker ant zombie (D:5)
  5 adders
  6 gnolls
  A shadow imp (D:5)
  An ooze (D:1)
  2 adder skeletons
  A worm (D:2)
  3 dart slugs
  5 leopard geckos
  11 orcs
  A ball python (D:2)
  2 giant cockroaches (D:1)
  10 goblins
  4 hobgoblins
  11 jackals
  2 quokkas (D:2)
  3 bats
  4 frilled lizards
  6 kobolds
  A leopard gecko skeleton (D:3)
  3 rats
99 creatures vanquished.

Notes
Turn   | Place    | Note
-------+----------+-------------------------------------------
     0 | D:1      | shakethe the Formicid Fighter began the quest for the Orb.
     0 | D:1      | Reached XP level 1. HP: 18/18 MP: 1/1
   279 | D:1      | Reached XP level 2. HP: 22/24 MP: 2/2
   381 | D:1      | Reached skill level 4 in Shields
   546 | D:1      | Reached XP level 3. HP: 19/29 MP: 3/3
  1017 | D:2      | Reached XP level 4. HP: 34/35 MP: 4/4
  1141 | D:2      | Found a shimmering altar of Xom.
  1143 | D:2      | Found an ancient bone altar of Kikubaaqudgha.
  1143 | D:2      | Found a radiant altar of Vehumet.
  1145 | D:2      | Found a white marble altar of Elyvilon.
  1145 | D:2      | Found a deep blue altar of Sif Muna.
  1145 | D:2      | Found a shimmering altar of Xom.
  1328 | D:2      | Reached skill level 5 in Shields
  1678 | D:3      | Reached XP level 5. HP: 41/41 MP: 5/5
  1885 | D:3      | Noticed Sigmund
  1891 | D:3      | Killed Sigmund
  1891 | D:3      | Reached skill level 6 in Shields
  1891 | D:3      | Reached XP level 6. HP: 35/47 MP: 6/6
  1907 | D:3      | You fall through a shaft!
  1920 | D:4      | Reached XP level 7. HP: 42/52 MP: 7/7
  1950 | D:4      | Found an iron altar of Okawaru.
  1981 | D:4      | Reached skill level 5 in Axes
  2003 | D:4      | Got a steaming tin ring
  2020 | D:4      | Identified the ring "Zusif Geic" {rF+ rC+ Int+6} (You found it on level 4 of the Dungeon)
  2187 | D:4      | Got a dazzling rapier
  2188 | D:4      | Identified the cursed +1 rapier "Loenuza" {venom, MR+ SInv} (You found it on level 4 of the Dungeon)
  2318 | D:4      | Found a radiant altar of Vehumet.
  2473 | D:4      | Found a burning altar of Makhleb.
  2475 | D:4      | Noticed a cacodemon
  2713 | D:5      | Entered Level 5 of the Dungeon
  2741 | D:5      | Reached skill level 7 in Shields
  2823 | D:5      | Found a staircase to the Ecumenical Temple.
  3001 | Temple   | Entered the Ecumenical Temple
  3419 | D:5      | Noticed Blork the orc
  3434 | D:5      | Killed Blork the orc
  3434 | D:5      | Reached skill level 8 in Shields
  3434 | D:5      | Reached XP level 8. HP: 58/58 MP: 8/8
  3849 | D:6      | Slain by a crocodile

Skill      XL: |  1  2  3  4  5  6  7 |
---------------+----------------------+-----
Shields        | 4 5 6 8 |  8.5
Axes           | 3 4 6 |  6.6
Fighting       | |  3.3
Armour         | |  3.3

Action                   |  1- 3 |  4- 6 |  7- 9 || total
-------------------------+-------+-------+-------++-------
Melee: War axe           |   179 |   132 |   173 ||   484
  Use: Scroll            |     4 |     1 |     1 ||     6
       Potion            |     1 |       |       ||     1
  Eat: Chunk             |       |     3 |     5 ||     8
       Ration            |       |       |     1 ||     1
Armor: Scale mail        |    59 |       |       ||    59
       Plate armour      |       |    69 |    90 ||   159
Dodge: Dodged            |    50 |    23 |    33 ||   106
Block: Shield            |   125 |    92 |   111 ||   328
